3125 views
Uploaded 2019-12-01 20:52:32
Game version 1.32.0.2 / 1.32.0.2.1
34:25 long 3on3 ladder game on (6)Monsoon_LV
Saved by iggythefisk
3125 views
Uploaded 2019-12-01 20:52:32
Game version 1.32.0.2 / 1.32.0.2.1
34:25 long 3on3 ladder game on (6)Monsoon_LV


189 units @ 29.4k
/ 4.2k
79 buildings @ 11k
/ 5.5k



| Healing Salve | 3 | 300 |
| total: | 3 | 300g |
| Peon | 19 | 1425 | / | 0 |
| Grunt | 16 | 3200 | / | 0 |
| Shaman | 23 | 2990 | / | 460 |
| Raider | 19 | 3420 | / | 760 |
| Wind Rider | 5 | 1325 | / | 200 |
| Tauren | 4 | 1120 | / | 320 |
| Ogre Magi | 1 | 320 | / | 50 |
| total: | 87 | 13800g | / | 1790w |
| Watch Tower | 17 | 1870 | / | 1360 |
| Altar of Storms | 2 | 360 | / | 100 |
| Orc Burrow | 7 | 1120 | / | 280 |
| Barracks | 1 | 180 | / | 50 |
| War Mill | 1 | 205 | / | 0 |
| Voodoo Lounge | 1 | 130 | / | 30 |
| Great Hall | 2 | 770 | / | 370 |
| Spirit Lodge | 1 | 150 | / | 150 |
| Tauren Totem | 1 | 135 | / | 155 |
| Beastiary | 1 | 145 | / | 140 |
| Stronghold | 1 | 315 | / | 190 |
| Fortress | 1 | 325 | / | 190 |
| total: | 34 | 5065g | / | 2635w |
| 0:03 | Peon |
| 0:03 | Peon |
| 0:08 | Altar of Storms |
| 0:15 | Altar of Storms |
| 0:22 | Orc Burrow |
| 0:25 | Peon |
| 0:25 | Peon |
| 0:42 | Barracks |
| 0:57 | Peon |
| 1:19 | War Mill |
| 1:27 | Peon |
| 1:27 | Peon |
| 1:47 | Grunt |
| 2:06 | Orc Burrow |
| 2:11 | Orc Burrow |
| 2:21 | Feral Spirit |
| 3:25 | Grunt |
| 3:25 | Grunt |
| 3:27 | Stronghold |
| 3:31 | Orc Burrow |
| 4:27 | Watch Tower |
| 4:31 | Watch Tower |
| 4:39 | Voodoo Lounge |
| 4:52 | Grunt |
| 4:52 | Grunt |
| 5:00 | Chain Lighting |
| 5:52 | Great Hall |
| 5:56 | Peon |
| 5:56 | Peon |
| 5:57 | Peon |
| 5:57 | Peon |
| 5:57 | Peon |
| 6:05 | Healing Salve |
| 6:14 | Steel Melee Weapons |
| 6:28 | Watch Tower |
| 6:30 | Watch Tower |
| 7:08 | Watch Tower |
| 7:25 | Ogre Magi |
| 7:41 | Orc Burrow |
| 8:04 | Feral Spirit |
| 8:37 | Peon |
| 8:37 | Peon |
| 8:37 | Peon |
| 8:37 | Peon |
| 8:56 | Spirit Lodge |
| 9:44 | Watch Tower |
| 9:46 | Watch Tower |
| 9:58 | Steel Armor |
| 10:15 | Shaman Adept Training |
| 10:32 | Peon |
| 10:33 | Peon |
| 10:38 | Healing Wave |
| 10:44 | Tauren Totem |
| 10:55 | Healing Salve |
| 10:56 | Healing Salve |
| 11:09 | Shaman |
| 11:09 | Shaman |
| 11:10 | Shaman |
| 11:10 | Shaman |
| 11:14 | Berserker Strength |
| 11:15 | Grunt |
| 11:15 | Grunt |
| 11:15 | Grunt |
| 11:15 | Grunt |
| 11:15 | Grunt |
| 11:23 | Orc Burrow |
| 12:10 | Fortress |
| 12:38 | Beastiary |
| 13:07 | Thorium Armor |
| 13:08 | Thorium Melee Weapons |
| 14:02 | Shaman |
| 14:02 | Shaman |
| 14:07 | Raider |
| 14:08 | Raider |
| 14:09 | Wind Rider |
| 14:09 | Wind Rider |
| 14:10 | Ensnare |
| 14:24 | Watch Tower |
| 14:29 | Watch Tower |
| 15:28 | Spiked Barricades |
| 15:31 | Steel Ranged Weapons |
| 15:58 | Peon |
| 16:06 | Orc Burrow |
| 16:36 | Shaman Master Training |
| 17:02 | Pulverize |
| 17:12 | Arcanite Melee Weapons |
| 17:19 | Tauren |
| 18:21 | Raider |
| 18:22 | Raider |
| 18:26 | Arcanite Armor |
| 19:19 | Chain Lighting |
| 19:52 | Thorium Ranged Weapons |
| 19:53 | Improved Spiked Barricades |
| 20:01 | Envenomed Spears |
| 21:15 | Pillage |
| 22:29 | Serpent Ward |
| 22:36 | Shaman |
| 22:36 | Shaman |
| 22:36 | Shaman |
| 22:36 | Shaman |
| 22:36 | Shaman |
| 22:37 | Shaman |
| 22:38 | Raider |
| 22:38 | Raider |
| 22:38 | Raider |
| 22:38 | Wind Rider |
| 22:38 | Wind Rider |
| 22:38 | Wind Rider |
| 23:08 | Arcanite Ranged Weapons |
| 23:16 | Grunt |
| 23:36 | Tauren |
| 23:36 | Tauren |
| 23:36 | Tauren |
| 24:42 | Shockwave |
| 25:33 | Raider |
| 25:34 | Raider |
| 25:34 | Raider |
| 25:35 | Shaman |
| 25:35 | Shaman |
| 25:35 | Shaman |
| 26:36 | Grunt |
| 26:36 | Grunt |
| 26:36 | Grunt |
| 26:55 | Great Hall |
| 27:13 | Shaman |
| 27:13 | Shaman |
| 27:16 | Grunt |
| 27:16 | Grunt |
| 27:17 | Raider |
| 27:17 | Raider |
| 29:57 | Serpent Ward |
| 30:02 | Shaman |
| 30:03 | Shaman |
| 30:03 | Shaman |
| 30:04 | Raider |
| 30:04 | Raider |
| 30:04 | Raider |
| 30:54 | Watch Tower |
| 30:57 | Watch Tower |
| 31:02 | Watch Tower |
| 31:30 | Watch Tower |
| 31:59 | Watch Tower |
| 32:03 | Watch Tower |
| 32:44 | Watch Tower |
| 32:50 | Watch Tower |
| 34:01 | Raider |
| 34:01 | Raider |
| 34:01 | Raider |
| 34:01 | Raider |
| 34:02 | Shaman |
| 34:03 | Shaman |
| 34:03 | Shaman |
| 34:24 | Feral Spirit |
| Right click | 1543 |
| Select | 518 |
| Build/train/purchase | 147 |
| Misc. action | 69 |
| Use ability | 42 |
| Chat | 7 |
| Minimap ping | 3 |
| Item give/drop | 1 |
| Remove unit | 1 |


| Potion of Healing | 1 | 150 |
| Scroll of Town Portal | 2 | 700 |
| total: | 3 | 850g |
| Acolyte | 9 | 675 | / | 0 |
| Ghoul | 22 | 2640 | / | 0 |
| Necromancer | 7 | 1015 | / | 140 |
| Abomination | 8 | 1920 | / | 560 |
| Obsidian Statue | 3 | 600 | / | 105 |
| Banshee | 3 | 465 | / | 90 |
| Frost Wyrm | 2 | 770 | / | 240 |
| total: | 54 | 8085g | / | 1135w |
| Spirit Tower | 5 | 725 | / | 200 |
| Nerubian Tower | 2 | 200 | / | 40 |
| Ziggurat | 9 | 1350 | / | 450 |
| Altar of Darkness | 1 | 180 | / | 50 |
| Crypt | 1 | 200 | / | 50 |
| Graveyard | 1 | 215 | / | 0 |
| Tomb of Relics | 1 | 130 | / | 30 |
| Temple of the Damned | 1 | 155 | / | 140 |
| Slaughterhouse | 2 | 280 | / | 270 |
| Sacrificial Pit | 1 | 75 | / | 150 |
| Boneyard | 2 | 350 | / | 400 |
| Halls of the Dead | 1 | 320 | / | 210 |
| Black Citadel | 1 | 325 | / | 230 |
| total: | 19 | 2935g | / | 1540w |
| 0:05 | Acolyte |
| 0:20 | Acolyte |
| 0:29 | Ziggurat |
| 0:37 | Altar of Darkness |
| 0:39 | Acolyte |
| 0:49 | Crypt |
| 1:09 | Graveyard |
| 1:29 | Ziggurat |
| 1:51 | Ghoul |
| 1:58 | Ghoul |
| 1:59 | Ghoul |
| 2:40 | Vampiric Aura |
| 2:48 | Ghoul |
| 2:48 | Ghoul |
| 3:02 | Cannibalize |
| 3:10 | Unholy Strength |
| 3:12 | Spirit Tower |
| 3:41 | Acolyte |
| 3:52 | Nerubian Tower |
| 3:55 | Ghoul |
| 3:55 | Ghoul |
| 4:19 | Halls of the Dead |
| 4:51 | Ghoul |
| 4:51 | Ghoul |
| 4:54 | Unholy Armor |
| 5:07 | Ziggurat |
| 5:56 | Ziggurat |
| 6:12 | Sleep |
| 6:45 | Temple of the Damned |
| 7:24 | Vampiric Aura |
| 7:32 | Spirit Tower |
| 7:35 | Ghoul |
| 7:35 | Ghoul |
| 7:50 | Death Coil |
| 8:58 | Necromancer Adept Training |
| 9:05 | Skeletal Mastery |
| 9:09 | Web |
| 9:21 | Acolyte |
| 9:34 | Ghoul |
| 9:34 | Ghoul |
| 10:14 | Necromancer |
| 10:14 | Necromancer |
| 11:13 | Unholy Aura |
| 12:24 | Necromancer |
| 12:24 | Necromancer |
| 12:26 | Ghoul |
| 12:26 | Ghoul |
| 12:32 | Improved Unholy Strength |
| 12:39 | Slaughterhouse |
| 12:46 | Ziggurat |
| 13:17 | Acolyte |
| 13:17 | Acolyte |
| 13:17 | Acolyte |
| 13:17 | Acolyte |
| 13:28 | Ziggurat |
| 13:31 | Ziggurat |
| 14:02 | Ziggurat |
| 14:04 | Ziggurat |
| 14:17 | Improved Unholy Armor |
| 14:25 | Black Citadel |
| 14:40 | Tomb of Relics |
| 14:46 | Necromancer |
| 14:46 | Necromancer |
| 14:46 | Necromancer |
| 15:06 | Spirit Tower |
| 15:30 | Ghoul |
| 15:30 | Ghoul |
| 15:30 | Ghoul |
| 17:22 | Disease Cloud |
| 17:33 | Abomination |
| 18:07 | Advanced Unholy Strength |
| 18:40 | Spirit Tower |
| 18:41 | Nerubian Tower |
| 18:45 | Abomination |
| 18:57 | Necromancer Master Training |
| 19:07 | Scroll of Town Portal |
| 19:41 | Abomination |
| 19:42 | Abomination |
| 19:49 | Slaughterhouse |
| 19:51 | Advanced Unholy Armor |
| 20:37 | Destroyer Form |
| 20:58 | Banshee Adept Training |
| 21:00 | Obsidian Statue |
| 21:03 | Obsidian Statue |
| 22:49 | Obsidian Statue |
| 22:51 | Abomination |
| 23:05 | Banshee |
| 23:05 | Banshee |
| 23:05 | Banshee |
| 23:07 | Banshee Master Training |
| 23:09 | Spirit Tower |
| 23:24 | Sacrificial Pit |
| 26:02 | Boneyard |
| 26:05 | Boneyard |
| 26:08 | Creature Attack |
| 26:27 | Abomination |
| 26:32 | Ghoul |
| 26:33 | Ghoul |
| 26:36 | Ghoul |
| 26:36 | Ghoul |
| 27:33 | Abomination |
| 27:34 | Abomination |
| 28:01 | Scroll of Town Portal |
| 28:07 | Potion of Healing |
| 29:33 | Freezing Breath |
| 29:36 | Frost Wyrm |
| 29:38 | Frost Wyrm |
| 30:59 | Improved Creature Attack |
| Right click | 637 |
| Select | 362 |
| Select group | 304 |
| Misc. action | 235 |
| Build/train/purchase | 116 |
| Assign group | 47 |
| Use ability | 41 |
| Item give/drop | 3 |
| Minimap ping | 2 |


| Scroll of Regeneration | 1 | 100 |
| Ivory Tower | 1 | 40 |
| Orb of Fire | 2 | 650 |
| total: | 4 | 790g |
| Peasant | 7 | 525 | / | 0 |
| Footman | 10 | 1350 | / | 0 |
| Priest | 6 | 810 | / | 60 |
| Spell Breaker | 5 | 1075 | / | 150 |
| Sorceress | 5 | 775 | / | 100 |
| Knight | 5 | 1225 | / | 300 |
| Mortar Team | 10 | 1800 | / | 700 |
| total: | 48 | 7560g | / | 1310w |
| Scout Tower | 5 | 150 | / | 100 |
| Guard Tower | 4 | 280 | / | 200 |
| Altar of Kings | 1 | 180 | / | 50 |
| Barracks | 1 | 160 | / | 60 |
| Farm | 11 | 880 | / | 220 |
| Lumber Mill | 1 | 120 | / | 0 |
| Blacksmith | 1 | 140 | / | 60 |
| Arcane Vault | 1 | 130 | / | 30 |
| Town Hall | 2 | 770 | / | 410 |
| Arcane Sanctum | 2 | 300 | / | 280 |
| Workshop | 1 | 140 | / | 140 |
| Keep | 1 | 320 | / | 210 |
| Castle | 1 | 360 | / | 210 |
| total: | 26 | 2970g | / | 1350w |
| 0:18 | Altar of Kings |
| 0:20 | Barracks |
| 0:21 | Peasant |
| 0:21 | Peasant |
| 0:32 | Peasant |
| 0:53 | Farm |
| 0:57 | Farm |
| 1:02 | Peasant |
| 1:14 | Peasant |
| 1:35 | Lumber Mill |
| 1:45 | Footman |
| 1:45 | Footman |
| 1:52 | Farm |
| 2:11 | Footman |
| 2:29 | Defend |
| 2:30 | Footman |
| 2:36 | Farm |
| 2:49 | Holy Light |
| 3:06 | Footman |
| 3:11 | Scout Tower |
| 3:44 | Farm |
| 3:55 | Guard Tower |
| 3:58 | Footman |
| 4:20 | Keep |
| 4:23 | Footman |
| 4:31 | Scout Tower |
| 5:28 | Guard Tower |
| 5:33 | Scout Tower |
| 5:41 | Footman |
| 5:41 | Footman |
| 5:45 | Blacksmith |
| 6:04 | Arcane Vault |
| 6:28 | Guard Tower |
| 7:00 | Devotion Aura |
| 7:20 | Footman |
| 7:31 | Arcane Sanctum |
| 7:41 | Improved Lumber Harvesting |
| 8:17 | Farm |
| 8:18 | Farm |
| 8:26 | Iron Plating |
| 9:09 | Devotion Aura |
| 9:18 | Priest Adept Training |
| 9:18 | Sorceress Adept Training |
| 9:31 | Arcane Sanctum |
| 10:23 | Magic Sentry |
| 10:25 | Control Magic |
| 11:30 | Healing Spray |
| 12:11 | Priest |
| 12:11 | Spell Breaker |
| 12:12 | Sorceress |
| 12:40 | Castle |
| 12:49 | Sorceress |
| 12:57 | Black Gunpowder |
| 13:00 | Iron Forged Swords |
| 14:14 | Scroll of Regeneration |
| 14:15 | Ivory Tower |
| 14:34 | Guard Tower |
| 14:45 | Sorceress |
| 14:46 | Priest |
| 15:00 | Farm |
| 15:02 | Farm |
| 15:08 | Farm |
| 15:09 | Farm |
| 15:12 | Advanced Lumber Harvesting |
| 15:16 | Sundering Blades |
| 15:16 | Animal War Training |
| 15:17 | Knight |
| 15:23 | Sorceress |
| 15:33 | Sorceress Master Training |
| 17:07 | Priest Master Training |
| 17:11 | Spell Breaker |
| 17:41 | Orb of Fire |
| 18:04 | Town Hall |
| 19:53 | Sorceress |
| 19:53 | Priest |
| 19:54 | Spell Breaker |
| 20:01 | Steel Forged Swords |
| 20:13 | Town Hall |
| 23:22 | Knight |
| 23:22 | Knight |
| 23:23 | Knight |
| 23:23 | Knight |
| 23:27 | Mithril Forged Swords |
| 23:36 | Scout Tower |
| 23:38 | Scout Tower |
| 24:17 | Workshop |
| 24:42 | Spell Breaker |
| 24:56 | Peasant |
| 24:56 | Peasant |
| 25:35 | Mortar Team |
| 26:29 | Orb of Fire |
| 26:49 | Mortar Team |
| 26:49 | Fragmentation Shards |
| 26:51 | Mortar Team |
| 27:29 | Spell Breaker |
| 27:30 | Priest |
| 27:51 | Refined Gunpowder |
| 29:50 | Mortar Team |
| 29:51 | Mortar Team |
| 30:40 | Mortar Team |
| 30:40 | Mortar Team |
| 30:40 | Mortar Team |
| 30:41 | Mortar Team |
| 30:41 | Mortar Team |
| 33:18 | Priest |
| 33:19 | Priest |
| Right click | 954 |
| Select | 296 |
| Select group | 294 |
| Build/train/purchase | 105 |
| Assign group | 64 |
| Use ability | 37 |
| Misc. action | 24 |
| Remove unit | 5 |
| Minimap ping | 2 |
| Esc | 1 |
70 units @ 6.5k
/ 0.4k
197 buildings @ 14.2k
/ 7.9k



| Scroll of Regeneration | 2 | 200 |
| Staff of Sanctuary | 3 | 750 |
| Scroll of Town Portal | 1 | 350 |
| Boots of Speed | 3 | 750 |
| Circlet of Nobility | 1 | 175 |
| Periapt of Vitality | 1 | 325 |
| Staff of Teleportation | 1 | 150 |
| Orb of Lightning | 2 | 750 |
| total: | 14 | 3450g |
| Peasant | 24 | 1800 | / | 0 |
| Sorceress | 2 | 310 | / | 40 |
| Ogre Magi | 1 | 320 | / | 50 |
| total: | 27 | 2430g | / | 90w |
| Scout Tower | 66 | 1980 | / | 1320 |
| Arcane Tower | 1 | 70 | / | 50 |
| Guard Tower | 32 | 2240 | / | 1600 |
| Altar of Kings | 1 | 180 | / | 50 |
| Farm | 4 | 320 | / | 80 |
| Lumber Mill | 1 | 120 | / | 0 |
| Arcane Vault | 9 | 1170 | / | 270 |
| Town Hall | 2 | 770 | / | 410 |
| Arcane Sanctum | 1 | 150 | / | 140 |
| Keep | 1 | 320 | / | 210 |
| Castle | 1 | 360 | / | 210 |
| total: | 84 | 4690g | / | 2270w |
| 0:00 | Peasant |
| 0:04 | Altar of Kings |
| 0:05 | Peasant |
| 0:21 | Peasant |
| 0:31 | Farm |
| 0:34 | Peasant |
| 0:49 | Peasant |
| 1:10 | Farm |
| 1:13 | Peasant |
| 1:16 | Scout Tower |
| 1:19 | Peasant |
| 1:39 | Peasant |
| 1:42 | Lumber Mill |
| 1:44 | Arcane Tower |
| 1:55 | Peasant |
| 2:12 | Blizzard |
| 2:37 | Peasant |
| 2:38 | Peasant |
| 2:45 | Improved Masonry |
| 3:24 | Brilliance Aura |
| 3:39 | Peasant |
| 4:04 | Peasant |
| 4:04 | Peasant |
| 4:07 | Farm |
| 4:32 | Arcane Vault |
| 4:37 | Arcane Vault |
| 4:51 | Town Hall |
| 4:55 | Scout Tower |
| 4:59 | Peasant |
| 4:59 | Peasant |
| 5:36 | Guard Tower |
| 5:37 | Scout Tower |
| 5:37 | Scout Tower |
| 5:45 | Scout Tower |
| 5:46 | Scout Tower |
| 5:47 | Scroll of Regeneration |
| 6:02 | Scout Tower |
| 6:04 | Scout Tower |
| 6:14 | Peasant |
| 6:17 | Peasant |
| 6:19 | Keep |
| 6:20 | Guard Tower |
| 6:33 | Guard Tower |
| 6:35 | Guard Tower |
| 6:35 | Guard Tower |
| 6:43 | Scout Tower |
| 6:44 | Scout Tower |
| 6:44 | Scout Tower |
| 6:45 | Scout Tower |
| 6:48 | Scout Tower |
| 6:49 | Scout Tower |
| 7:01 | Peasant |
| 7:20 | Blizzard |
| 7:47 | Ogre Magi |
| 7:55 | Guard Tower |
| 9:28 | Peasant |
| 9:49 | Castle |
| 9:52 | Arcane Vault |
| 9:53 | Arcane Vault |
| 10:59 | Brilliance Aura |
| 11:01 | Storm Bolt |
| 11:28 | Advanced Masonry |
| 11:29 | Peasant |
| 11:33 | Scout Tower |
| 11:33 | Scout Tower |
| 11:36 | Boots of Speed |
| 11:46 | Boots of Speed |
| 12:04 | Arcane Vault |
| 12:05 | Arcane Sanctum |
| 12:09 | Peasant |
| 12:13 | Farm |
| 13:09 | Guard Tower |
| 13:18 | Imbued Masonry |
| 13:18 | Improved Lumber Harvesting |
| 14:00 | Scout Tower |
| 14:00 | Scout Tower |
| 14:02 | Magic Sentry |
| 14:15 | Holy Light |
| 14:18 | Arcane Vault |
| 14:20 | Arcane Vault |
| 14:26 | Orb of Lightning |
| 14:27 | Staff of Sanctuary |
| 14:35 | Guard Tower |
| 14:37 | Scout Tower |
| 14:38 | Scout Tower |
| 14:41 | Scout Tower |
| 14:42 | Scout Tower |
| 14:42 | Scout Tower |
| 14:43 | Scout Tower |
| 14:44 | Scout Tower |
| 14:45 | Scout Tower |
| 14:45 | Scout Tower |
| 14:46 | Scout Tower |
| 15:01 | Circlet of Nobility |
| 15:01 | Periapt of Vitality |
| 15:09 | Boots of Speed |
| 15:29 | Guard Tower |
| 15:33 | Scout Tower |
| 15:33 | Scout Tower |
| 15:34 | Scout Tower |
| 15:34 | Scout Tower |
| 15:47 | Guard Tower |
| 17:40 | Peasant |
| 17:43 | Advanced Lumber Harvesting |
| 17:52 | Sorceress Adept Training |
| 17:52 | Sorceress |
| 18:15 | Bash |
| 19:06 | Scroll of Town Portal |
| 19:06 | Staff of Sanctuary |
| 19:10 | Staff of Sanctuary |
| 19:17 | Orb of Lightning |
| 19:28 | Priest Adept Training |
| 19:39 | Scout Tower |
| 19:40 | Scout Tower |
| 19:41 | Scout Tower |
| 19:41 | Scout Tower |
| 19:42 | Scout Tower |
| 19:43 | Scout Tower |
| 19:47 | Scout Tower |
| 19:48 | Scout Tower |
| 19:49 | Scout Tower |
| 19:49 | Scout Tower |
| 20:09 | Guard Tower |
| 20:10 | Guard Tower |
| 20:13 | Guard Tower |
| 20:52 | Guard Tower |
| 21:40 | Scout Tower |
| 21:40 | Scout Tower |
| 21:41 | Scout Tower |
| 21:43 | Scout Tower |
| 21:44 | Scout Tower |
| 22:29 | Guard Tower |
| 22:30 | Scout Tower |
| 22:51 | Guard Tower |
| 22:53 | Scout Tower |
| 22:54 | Scout Tower |
| 22:59 | Guard Tower |
| 23:07 | Scout Tower |
| 23:07 | Scout Tower |
| 23:08 | Scout Tower |
| 23:10 | Scout Tower |
| 23:11 | Scout Tower |
| 23:20 | Peasant |
| 23:23 | Guard Tower |
| 23:42 | Guard Tower |
| 23:51 | Divine Shield |
| 24:04 | Guard Tower |
| 24:09 | Scout Tower |
| 24:09 | Scout Tower |
| 24:10 | Scout Tower |
| 24:32 | Guard Tower |
| 24:34 | Arcane Vault |
| 24:44 | Guard Tower |
| 26:41 | Guard Tower |
| 26:54 | Sorceress |
| 27:07 | Blizzard |
| 28:14 | Storm Bolt |
| 28:42 | Arcane Vault |
| 28:49 | Staff of Teleportation |
| 29:29 | Holy Light |
| 29:38 | Scroll of Regeneration |
| 29:59 | Scout Tower |
| 30:02 | Scout Tower |
| 30:03 | Scout Tower |
| 30:40 | Guard Tower |
| 30:43 | Scout Tower |
| 30:44 | Scout Tower |
| 30:55 | Guard Tower |
| 30:57 | Guard Tower |
| 31:21 | Guard Tower |
| 31:23 | Guard Tower |
| 31:37 | Town Hall |
| 31:40 | Scout Tower |
| 31:57 | Scout Tower |
| 31:59 | Scout Tower |
| 32:19 | Guard Tower |
| 32:33 | Guard Tower |
| 32:59 | Guard Tower |
| Right click | 2265 |
| Select | 1018 |
| Select group | 690 |
| Assign group | 335 |
| Build/train/purchase | 167 |
| Use ability | 103 |
| Misc. action | 13 |
| Minimap ping | 10 |
| Item give/drop | 5 |



| Scroll of Regeneration | 2 | 200 |
| Mechanical Critter | 2 | 100 |
| Orb of Fire | 2 | 650 |
| Staff of Sanctuary | 3 | 750 |
| Lesser Clarity Potion | 3 | 210 |
| Boots of Speed | 3 | 750 |
| Staff of Teleportation | 3 | 450 |
| Circlet of Nobility | 1 | 175 |
| Orb of Lightning | 1 | 375 |
| total: | 20 | 3660g |
| Peasant | 15 | 1125 | / | 0 |
| Priest | 2 | 270 | / | 20 |
| Sorceress | 1 | 155 | / | 20 |
| total: | 18 | 1550g | / | 40w |
| Scout Tower | 50 | 1500 | / | 1000 |
| Arcane Tower | 7 | 490 | / | 350 |
| Guard Tower | 16 | 1120 | / | 800 |
| Altar of Kings | 1 | 180 | / | 50 |
| Farm | 3 | 240 | / | 60 |
| Lumber Mill | 1 | 120 | / | 0 |
| Arcane Vault | 2 | 260 | / | 60 |
| Town Hall | 1 | 385 | / | 205 |
| Arcane Sanctum | 1 | 150 | / | 140 |
| Keep | 1 | 320 | / | 210 |
| Castle | 1 | 360 | / | 210 |
| total: | 59 | 2835g | / | 1515w |
| 0:01 | Peasant |
| 0:03 | Altar of Kings |
| 0:11 | Peasant |
| 0:17 | Farm |
| 0:30 | Peasant |
| 0:34 | Lumber Mill |
| 0:36 | Peasant |
| 0:48 | Peasant |
| 0:59 | Peasant |
| 1:10 | Scout Tower |
| 1:16 | Peasant |
| 1:36 | Arcane Vault |
| 1:41 | Arcane Tower |
| 1:43 | Scout Tower |
| 1:44 | Peasant |
| 1:49 | Improved Masonry |
| 1:59 | Peasant |
| 2:06 | Farm |
| 2:13 | Storm Bolt |
| 2:17 | Scout Tower |
| 2:38 | Guard Tower |
| 2:46 | Peasant |
| 3:05 | Peasant |
| 3:16 | Guard Tower |
| 3:18 | Bash |
| 3:27 | Peasant |
| 3:31 | Scout Tower |
| 3:37 | Peasant |
| 3:37 | Peasant |
| 3:46 | Boots of Speed |
| 3:47 | Staff of Teleportation |
| 4:00 | Scout Tower |
| 4:02 | Guard Tower |
| 4:03 | Scout Tower |
| 4:07 | Scout Tower |
| 4:08 | Scout Tower |
| 4:08 | Scout Tower |
| 4:30 | Keep |
| 4:31 | Arcane Tower |
| 4:45 | Guard Tower |
| 5:26 | Guard Tower |
| 5:28 | Guard Tower |
| 5:40 | Scroll of Regeneration |
| 5:43 | Scroll of Regeneration |
| 6:03 | Scout Tower |
| 6:04 | Scout Tower |
| 6:14 | Storm Bolt |
| 6:21 | Town Hall |
| 6:31 | Scout Tower |
| 6:32 | Scout Tower |
| 6:36 | Mechanical Critter |
| 6:38 | Mechanical Critter |
| 6:51 | Farm |
| 6:53 | Improved Lumber Harvesting |
| 6:53 | Advanced Masonry |
| 7:52 | Guard Tower |
| 7:54 | Scout Tower |
| 7:55 | Scout Tower |
| 8:16 | Peasant |
| 8:37 | Castle |
| 8:45 | Holy Light |
| 8:49 | Guard Tower |
| 8:51 | Scout Tower |
| 8:51 | Scout Tower |
| 9:30 | Arcane Sanctum |
| 9:46 | Guard Tower |
| 9:48 | Scout Tower |
| 9:48 | Scout Tower |
| 9:49 | Scout Tower |
| 9:49 | Scout Tower |
| 9:50 | Scout Tower |
| 9:51 | Scout Tower |
| 10:33 | Boots of Speed |
| 10:33 | Staff of Teleportation |
| 10:50 | Scout Tower |
| 10:52 | Scout Tower |
| 10:52 | Scout Tower |
| 10:55 | Scout Tower |
| 10:56 | Scout Tower |
| 10:59 | Bash |
| 11:11 | Divine Shield |
| 11:24 | Imbued Masonry |
| 11:24 | Advanced Lumber Harvesting |
| 11:32 | Cluster Rockets |
| 11:37 | Magic Sentry |
| 11:42 | Arcane Tower |
| 11:48 | Guard Tower |
| 12:49 | Guard Tower |
| 12:51 | Scout Tower |
| 12:51 | Scout Tower |
| 12:52 | Scout Tower |
| 12:53 | Scout Tower |
| 12:54 | Scout Tower |
| 12:54 | Scout Tower |
| 13:03 | Boots of Speed |
| 13:16 | Arcane Tower |
| 14:03 | Priest Adept Training |
| 14:04 | Priest |
| 14:09 | Arcane Tower |
| 14:14 | Staff of Teleportation |
| 14:22 | Arcane Vault |
| 14:41 | Orb of Lightning |
| 14:45 | Orb of Fire |
| 14:52 | Staff of Sanctuary |
| 15:02 | Guard Tower |
| 15:04 | Scout Tower |
| 15:05 | Scout Tower |
| 15:06 | Scout Tower |
| 15:23 | Priest Master Training |
| 15:47 | Priest |
| 16:31 | Guard Tower |
| 17:28 | Engineering Upgrade |
| 17:57 | Orb of Fire |
| 17:58 | Staff of Sanctuary |
| 18:02 | Staff of Sanctuary |
| 18:26 | Circlet of Nobility |
| 19:51 | Scout Tower |
| 19:52 | Scout Tower |
| 20:41 | Sorceress Adept Training |
| 20:41 | Sorceress |
| 23:07 | Guard Tower |
| 23:12 | Sorceress Master Training |
| 23:16 | Scout Tower |
| 23:16 | Scout Tower |
| 23:17 | Scout Tower |
| 23:17 | Scout Tower |
| 23:18 | Scout Tower |
| 23:31 | Holy Light |
| 24:39 | Guard Tower |
| 24:44 | Scout Tower |
| 26:30 | Guard Tower |
| 26:33 | Scout Tower |
| 26:37 | Scout Tower |
| 26:38 | Scout Tower |
| 26:41 | Scout Tower |
| 26:42 | Scout Tower |
| 27:08 | Arcane Tower |
| 27:25 | Lesser Clarity Potion |
| 27:46 | Lesser Clarity Potion |
| 28:14 | Arcane Tower |
| 28:55 | Lesser Clarity Potion |
| 30:38 | Storm Bolt |
| 33:43 | Cluster Rockets |
| Right click | 2193 |
| Select group | 1674 |
| Select | 347 |
| Assign group | 250 |
| Use ability | 164 |
| Build/train/purchase | 124 |
| Chat | 66 |
| Misc. action | 55 |
| Item give/drop | 9 |
| Remove unit | 1 |



| Healing Salve | 2 | 200 |
| Lesser Clarity Potion | 1 | 70 |
| Orb of Lightning | 3 | 1125 |
| Boots of Speed | 3 | 750 |
| Staff of Teleportation | 3 | 450 |
| Staff of Sanctuary | 3 | 750 |
| total: | 15 | 3345g |
| Peon | 18 | 1350 | / | 0 |
| Troll Batrider | 7 | 1120 | / | 280 |
| total: | 25 | 2470g | / | 280w |
| Watch Tower | 42 | 4620 | / | 3360 |
| Altar of Storms | 1 | 180 | / | 50 |
| Orc Burrow | 4 | 640 | / | 160 |
| War Mill | 1 | 205 | / | 0 |
| Voodoo Lounge | 3 | 390 | / | 90 |
| Great Hall | 1 | 385 | / | 185 |
| Beastiary | 2 | 290 | / | 280 |
| Stronghold | 2 | 630 | / | 380 |
| Fortress | 1 | 325 | / | 190 |
| total: | 54 | 6710g | / | 4125w |
| 0:02 | Peon |
| 0:02 | Peon |
| 0:06 | Altar of Storms |
| 0:18 | Orc Burrow |
| 0:24 | Peon |
| 0:39 | Peon |
| 0:49 | War Mill |
| 0:55 | Peon |
| 1:03 | Peon |
| 1:18 | Peon |
| 1:27 | Voodoo Lounge |
| 1:30 | Peon |
| 2:00 | Watch Tower |
| 2:07 | Wind Walk |
| 2:22 | Watch Tower |
| 2:26 | Peon |
| 2:26 | Peon |
| 2:39 | Watch Tower |
| 2:42 | Healing Salve |
| 2:55 | Watch Tower |
| 3:33 | Watch Tower |
| 3:35 | Watch Tower |
| 3:50 | Watch Tower |
| 3:57 | Orc Burrow |
| 4:15 | Boots of Speed |
| 4:15 | Staff of Teleportation |
| 4:36 | Watch Tower |
| 4:37 | Lesser Clarity Potion |
| 4:44 | Watch Tower |
| 5:26 | Watch Tower |
| 5:29 | Peon |
| 5:29 | Peon |
| 5:30 | Peon |
| 5:30 | Peon |
| 5:30 | Peon |
| 5:31 | Peon |
| 5:31 | Peon |
| 5:53 | Watch Tower |
| 5:55 | Watch Tower |
| 6:30 | Stronghold |
| 6:45 | Watch Tower |
| 6:48 | Watch Tower |
| 6:55 | Critical Strike |
| 7:43 | Orc Burrow |
| 8:22 | Healing Salve |
| 8:25 | Watch Tower |
| 8:26 | Watch Tower |
| 8:26 | Watch Tower |
| 9:01 | Peon |
| 9:13 | Watch Tower |
| 9:20 | Voodoo Lounge |
| 9:22 | Voodoo Lounge |
| 9:32 | Fortress |
| 9:58 | Shockwave |
| 10:31 | Wind Walk |
| 11:21 | Watch Tower |
| 11:22 | Watch Tower |
| 11:34 | Reinforced Defenses |
| 11:43 | Watch Tower |
| 12:21 | Boots of Speed |
| 12:21 | Staff of Teleportation |
| 13:17 | Orc Burrow |
| 13:26 | Endurance Aura |
| 13:45 | Watch Tower |
| 13:45 | Watch Tower |
| 14:04 | Beastiary |
| 14:04 | Beastiary |
| 14:08 | Healing Wave |
| 14:17 | Orb of Lightning |
| 14:22 | Staff of Sanctuary |
| 15:06 | Great Hall |
| 15:29 | Watch Tower |
| 15:30 | Watch Tower |
| 15:31 | Watch Tower |
| 15:32 | Watch Tower |
| 15:33 | Watch Tower |
| 15:39 | Troll Batrider |
| 15:40 | Liquid Fire |
| 16:01 | Watch Tower |
| 16:28 | Orb of Lightning |
| 16:59 | Staff of Sanctuary |
| 17:47 | Watch Tower |
| 18:07 | Troll Batrider |
| 18:47 | Staff of Teleportation |
| 18:47 | Boots of Speed |
| 19:43 | Troll Batrider |
| 19:44 | Troll Batrider |
| 19:55 | Staff of Sanctuary |
| 20:02 | Orb of Lightning |
| 20:06 | Watch Tower |
| 20:09 | Watch Tower |
| 20:09 | Watch Tower |
| 20:36 | Troll Batrider |
| 20:39 | Troll Batrider |
| 20:57 | Troll Batrider |
| 22:28 | Critical Strike |
| 22:29 | Hex |
| 23:08 | Watch Tower |
| 23:09 | Watch Tower |
| 23:10 | Watch Tower |
| 24:02 | Shockwave |
| 29:07 | Healing Wave |
| 31:35 | Watch Tower |
| 31:35 | Watch Tower |
| 31:36 | Watch Tower |
| 31:36 | Watch Tower |
| 31:38 | Watch Tower |
| 31:39 | Watch Tower |
| 34:22 | Critical Strike |
| Right click | 3263 |
| Select | 556 |
| Select group | 487 |
| Build/train/purchase | 254 |
| Use ability | 77 |
| Chat | 74 |
| Item give/drop | 20 |
| Assign group | 11 |
| Remove unit | 5 |
| Misc. action | 3 |
| Minimap ping | 1 |